 Dungeon Crawl Stone Soup version 0.28-a0-1227-ga9037bb4c8 (webtiles) character file.

Game seed: 14674604503598120470

66 Fortus the Covert (level 3, 0/18 HPs)
             Began as a Spriggan Brigand on Dec 22, 2021.
             Killed from afar by Natasha (3 damage)
             ... with a magic dart
             ... on level 2 of the Dungeon.
             The game lasted 00:02:01 (1376 turns).

Fortus the Covert (Spriggan Brigand)                Turns: 1376, Time: 00:02:01

Health: 0/18       AC:  3    Str:  7    XL:     3   Next: 96%
Magic:  4/4        EV: 16    Int: 18    God:
Gold:   63         SH:  0    Dex: 18    Spells: 2/2 levels left

rFire   . . .      SeeInvis +   a - +2 dagger
rCold   . . .      Faith    .   (shield restricted)
rNeg    . . .      Spirit   .   b - +0 robe
rPois   .          Reflect  .   (helmet restricted)
rElec   .          Harm     .   c - +0 cloak
rCorr   +          Rampage  .   (gloves unavailable)
Will    .....                   (boots unavailable)
Stlth   ++++......              (no amulet)
HPRegen 0.06/turn               j - ring of resist corrosion
MPRegen 0.09/turn               m - +6 ring of intelligence

@: very quick
A: very small, no large weapons, unfitting armour, see invisible, speed 3
a: no special abilities


You were on level 2 of the Dungeon.
You visited 1 branch of the dungeon, and saw 2 of its levels.

You collected 63 gold pieces.

Inventory:

Hand Weapons
 a - a +2 dagger (weapon)
Missiles
 d - 24 poisoned darts (quivered)
 e - 2 curare-tipped darts
Armour
 b - a +0 robe (worn)
 c - a +0 cloak (worn)
Jewellery
 j - a ring of resist corrosion (left hand)
 m - a +6 ring of intelligence (right hand)
Scrolls
 f - a scroll of identify {unknown}
 l - a scroll of holy word {unknown}
Potions
 g - a potion of haste {unknown}
 h - 2 potions of brilliance {unknown}
 i - 2 potions of curing {unknown}
 k - a potion of flight {unknown}
 n - a potion of cancellation {unknown}
 o - a potion of degeneration {unknown}


   Skills:
 - Level 1.5 Fighting
 - Level 2.1 Short Blades
 - Level 2.0 Throwing
 - Level 1.3 Dodging
 + Level 8.5 Stealth


You had 2 spell levels left.
You didn't know any spells.
Your spell library contained the following spells:

 Spells                   Type           Power      Damage    Failure   Level
 Animate Skeleton         Necr           0%         N/A       22%         1
 Pain                     Necr           0%         1d4       22%         1
 Vampiric Draining        Necr           0%         2d6       54%         3


Dungeon Overview and Level Annotations

Branches:
Dungeon (2/15)

Altars:

Shops:
D:1 !

Annotations:
D:2 Natasha, Sigmund


Innate Abilities, Weirdness & Mutations

You are very small and have problems with some larger weapons.
You are too small for most types of armour.
You have supernaturally acute eyesight. (SInv)
You cover ground extremely quickly. (Speed+++)


Message History

o - a fuming red potion You see here a dart slug corpse.
An endoplasm comes into view.
An endoplasm is nearby!
The helpless endoplasm fails to defend itself.
You perforate the endoplasm like a sieve!!!
You kill the endoplasm!
No target in view!
No target in view!
There is an open door here.
Natasha, Servant of Life and Death comes into view.
Natasha is nearby!
Natasha is nearby!
Found 7 stones.
Natasha casts a spell.
You hit the crimson imp but do no damage.
Natasha closely misses you.
You hit Natasha.
Natasha is lightly wounded.
The crimson imp blinks!
Natasha wildly gestures.
You feel troubled. Natasha completely misses you.
You hit Natasha.
Natasha is moderately wounded.
Natasha stares at you and mumbles some strange words.
The magic dart hits you!
You hit Natasha.
Natasha is heavily wounded.
You hit Natasha.
Natasha is heavily wounded.
Natasha claws you!
* * * LOW HITPOINT WARNING * * *
The crimson imp shouts, "Take thy face hence, thou surly ruttish morsel!"
The crimson imp hits you but does no damage.
You hit Natasha.
Natasha is severely wounded.
Natasha stares at you and mumbles some strange words.
The magic dart hits you.
You die...

..... .....######
.....(...##
.........
#......# #......#
#...5h.# #.#
#...@..######.#
###...........#
#..#######..#
#########..# #..#
#..........# #..#
#.###.####.# #..#
#.# #.# #.# #<.#
####.# #.# #.#
##.# #....#
#.####.########.#


You could see Natasha and a crimson imp (summoned).

Vanquished Creatures
  Natasha (D:2)
  An adder (D:2)
  3 dart slugs
  5 ball pythons (D:1)
  2 endoplasms
  A giant cockroach (D:1)
  2 goblins
  A hobgoblin (D:1)
  2 quokkas (D:1)
  5 bats
  A kobold (D:2)
  A rat (D:1)
25 creatures vanquished.

Notes
Turn   | Place    | Note
-------+----------+-------------------------------------------
     0 | D:1      | Fortus the Spriggan Brigand began the quest for the Orb.
     0 | D:1      | Reached XP level 1. HP: 10/10 MP: 2/2
    44 | D:1      | Reached skill level 6 in Stealth
    70 | D:1      | Found Pefiybborph's Distillery.
   161 | D:1      | Reached XP level 2. HP: 14/14 MP: 3/3
   232 | D:1      | Reached skill level 7 in Stealth
   769 | D:2      | Reached XP level 3. HP: 15/18 MP: 4/4
   836 | D:2      | Noticed Natasha
   844 | D:2      | Killed Natasha
   845 | D:2      | Reached skill level 8 in Stealth
   893 | D:2      | Found a faded altar of an unknown god.
  1197 | D:2      | Noticed Sigmund
  1366 | D:2      | Noticed Natasha
  1376 | D:2      | Killed from afar by Natasha

Illustrated notes

Levels and vault maps discovered:
D:1:      matt_arrival_diagonals, layout_loops_ring, serial_shops, shop,
          st_stairs_4
D:2:      layout_basic, hellmonk_ecumenical_altar_crossroads, uniq_sigmund,
          uniq_natasha

Skill      XL: |  1  2  3 |
---------------+----------+-----
Stealth        | 6 7 8 |  8.5
Fighting       | |  1.5
Short Blades   | |  2.1
Throwing       | |  2.0
Dodging        | |  1.3

Action                   || total
-------------------------++-------
Melee: Dagger            ||    65
 Stab: Sleeping          ||    14
Armor: Robe              ||    11
Dodge: Dodged            ||    42

Table legend: (Time is in decaauts)
 A = Elapsed time spent in this place.
 B = Non-inter-level travel time spent in this place.
 C = Inter-level travel time spent in this place.
 D = Time resting spent in this place.
 E = Time spent auto-exploring this place.
 F = Levels seen in this place.
 G = Mean time per level.
                   A        B        C        D        E       F      G
               +--------+--------+--------+--------+--------+-----+--------+
         Total |    979 |    978 |      1 |      0 |    790 |   2 |  489.5 |
       Dungeon |    979 |    978 |      1 |      0 |    790 |   2 |  489.5 |
               +--------+--------+--------+--------+--------+-----+--------+

Top non-repeatable levels by time:
     D:1: 518 daAuts
     D:2: 460 daAuts
